 Dungeon Crawl Stone Soup version 0.22-a0-282-gdd34a7d (webtiles) character file.

30933 RoseArtemis the Bludgeoner (level 13, -7/119 HPs)
             Began as a Minotaur Fighter on Mar 17, 2018.
             Was a Priest of Makhleb.
             Killed from afar by Tovarisch's ghost (23 damage)
             ... with a bolt of magma
             ... on level 4 of the Lair of Beasts.
             The game lasted 00:51:40 (15506 turns).

RoseArtemis the Bludgeoner (Minotaur Fighter)      Turns: 15506, Time: 00:51:40

Health: -7/119     AC: 23    Str: 27    XL:     13   Next: 23%
Magic:  17/17      EV: 11    Int:  6    God:    Makhleb [***...]
Gold:   1204       SH: 18    Dex: 13    Spells: 12/12 levels left

rFire    . . .     SeeInvis +   a - +3 mace (protect)
rCold    + + .     Gourm    .   K - +2 shield
rNeg     . . .     Faith    .   I - +0 plate armour
rPois    .         Spirit   .   M - +2 hat {SInv}
rElec    .         Reflect  +   y - +1 cloak
rCorr    .         Harm     .   t - +0 pair of gloves
MR       .....                  S - +2 pair of boots {run}
Stlth    ..........             n - +3 amulet of reflection
HPRegen  0.29/turn              P - ring of protection from cold
MPRegen  0.15/turn              G - ring of protection from cold

@: mighty, quick
A: retaliatory headbutt, horns 2
a: Minor Destruction, Lesser Servant of Makhleb, Renounce Religion


You were on level 4 of the Lair of Beasts.
You worshipped Makhleb.
Makhleb was most pleased with you.
You were hungry.

You visited 3 branches of the dungeon, and saw 16 of its levels.
You also visited: Sewer, Bailey and Volcano.

You collected 1204 gold pieces.

Inventory:

Hand Weapons
 a - a +3 mace of protection (weapon)
 b - a +0 blowgun
Missiles
 h - 538 stones (quivered)
 j - 4 curare-tipped needles
 w - 40 poisoned needles
Armour
 t - a +0 pair of gloves (worn)
 y - a +1 cloak (worn)
 I - a +0 plate armour (worn)
 K - a +2 shield (worn)
 L - +0 fire dragon scales
 M - a +2 hat of see invisible (worn)
 N - a cursed -1 large shield
 S - a +2 pair of boots of running (worn)
Jewellery
 n - a +3 amulet of reflection (around neck)
 p - an uncursed ring of stealth
 u - an uncursed ring of ice
 E - an uncursed ring of fire
 G - a ring of protection from cold (right hand)
 P - a ring of protection from cold (left hand)
 Q - a +2 amulet of reflection
 R - an uncursed ring of ice
Wands
 c - a wand of flame (21)
 g - a wand of polymorph (18)
 J - a wand of enslavement (9)
 T - a wand of scattershot (4)
Scrolls
 e - 2 scrolls of enchant weapon
 i - 4 scrolls of enchant armour
 k - 3 scrolls of amnesia
 l - 5 scrolls of teleportation
 q - a scroll of random uselessness {unknown}
 v - a scroll of blinking {unknown}
 x - 2 scrolls of fear
 A - a scroll of fog {unknown}
 C - 2 scrolls of magic mapping
 D - 3 scrolls of remove curse
 F - a scroll of holy word {unknown}
Potions
 d - a potion of might
 m - a potion of ambrosia
 o - 4 potions of curing
 s - 2 potions of agility
 z - 5 potions of resistance
 B - a potion of berserk rage
 H - a potion of mutation
 O - 2 potions of cancellation
Comestibles
 f - 31 rations


   Skills:
 + Level 12.5 Fighting
 - Level 16.0 Maces & Flails
 - Level 9.4 Armour
 + Level 8.1 Dodging
 + Level 10.3 Shields
 * Level 7.0 Invocations


You had 12 spell levels left.
You didn't know any spells.

Dungeon Overview and Level Annotations

Branches:
Dungeon (11/15)            Temple (1/1) D:7            Lair (4/6) D:11
 Spider (0/4) Lair:3          Orc (0/2) D:10
  Swamp: Lair:2-4    Shoals: Lair:2-4

Altars:
Ashenzari
Cheibriados
Dithmenos
Elyvilon
Fedhas
Gozag
Hepliaklqana
Kikubaaqudgha
Makhleb
Nemelex Xobeh
Okawaru
Qazlal
Ru
Sif Muna
Trog
Uskayaw
Vehumet
Wu Jian
Xom
Yredelemnul
Zin
The Shining One

Annotations:
Lair:1 exclusion: 2 oklob plants
Lair:4 Tovarisch's ghost, journeyman GnTm


Innate Abilities, Weirdness & Mutations

You reflexively headbutt those who attack you in melee.
You have a pair of horns on your head.


Message History

You feel very mighty all of a sudden.
Tovarisch's ghost shrieks, "They lied to you.
The Dungeon just goes down and down forever."
Tovarisch's ghost gestures at you while chanting.
The bolt of magma hits you!
* * * LOW HITPOINT WARNING * * *
The bolt of magma hits the plant.
The plant is destroyed!
Your hellwing barely misses Tovarisch's ghost.
Your hellwing closely misses Tovarisch's ghost.
Okay, then.
As you read the scroll of fear, it crumbles to dust.
You assume a fearsome visage.
Your hellwing is unaffected.
Tovarisch's ghost is unaffected.
Tovarisch's ghost misses you.
Your hellwing completely misses Tovarisch's ghost. x2
You closely miss Tovarisch's ghost.
Tovarisch's ghost is moderately damaged.
Tovarisch's ghost casts a spell at you. The bolt of magma hits you!
You die...

##... .......
#....##.P.....
##P.............
P.....#......#..
....)...#.......
#.............
#............
#....4W.#
##....@.#
#.....†.#
#.......#
...##....# #.#.
#..... # .
....... #
#PP#!#..#
#########


You could see Tovarisch's ghost and a friendly hellwing.

Vanquished Creatures
  Gastronok (D:8)
  The ghost of Nr616 the Basher, a journeyman MiBe of Trog (Lair:4)
  A fire dragon (Volcano)
  Fannar (D:10)
  5 hydras
  Erica (D:10)
  A death knight (D:11)
  A two-headed ogre (D:8)
  Nergalle (D:10)
  An obsidian statue (Volcano)
  Pikel (D:6)
  A manticore (D:11)
  Maurice (D:8)
  A centaur zombie (D:10)
  A rust devil (D:10)
  A centaur skeleton (D:11)
  2 spiny frogs
  A kobold demonologist (D:10)
  4 komodo dragons
  A queen bee (D:10)
  A troll (D:11)
  Prince Ribbit (Lair:2)
  2 hippogriffs
  3 blink frogs (Lair:2)
  2 dream sheep (D:8)
  A slime creature (D:7)
  19 yaks
  2 basilisks
  3 fire bats (Volcano)
  Menkaure (D:7)
  2 hungry ghosts
  A soldier ant (D:10)
  4 water moccasins
  2 hell hounds (Volcano)
  9 porcupines
  A black bear (D:11)
  4 ice beasts
  5 orc warriors
  The ghost of RoseArtemis the Shield-Bearer, an amateur MiFi (D:3)
  A necrophage (D:10)
  3 sky beasts
  11 ogres
  4 wolves (Lair:2)
  9 crocodiles
  2 centaurs (D:8)
  10 big kobolds
  15 bullfrogs
  3 scorpions
  17 killer bees (D:10)
  A lava snake (Volcano)
  6 howler monkeys
  3 crimson imps
  A quasit (D:6)
  5 orc priests
  9 jellies
  A bullfrog skeleton (D:11)
  3 hounds
  6 orc wizards
  6 worker ants
  Natasha (thrice) (D:2)
  3 iguanas
  2 hound skeletons
  2 worker ant zombies
  10 gnolls
  9 adders
  A river rat (D:5)
  A shadow imp (D:9)
  15 oozes
  2 adder skeletons
  A worm (D:3)
  4 dart slugs
  5 leopard geckos
  37 orcs
  4 giant cockroaches
  10 goblins
  3 hobgoblins
  19 jackals
  4 quokkas
  3 ball pythons
  10 bats
  9 frilled lizards
  11 kobolds
  A quokka zombie (D:10)
  10 rats
387 creatures vanquished.

Vanquished Creatures (collateral kills)
  A hydra (Lair:1)
  A lindwurm (Volcano)
  A rust devil (D:10)
  A spiny frog (Lair:1)
  6 fire bats (Volcano)
  2 porcupines
  4 lava snakes (Volcano)
  A fungus (Lair:1)
17 creatures vanquished.

Vanquished Creatures (others)
  2 orc warriors (Bailey)
  An ogre (D:6)
  A crimson imp (D:7)
  A bush (D:11)
  7 fungi
  7 plants
19 creatures vanquished.

Grand Total: 423 creatures vanquished

Notes
Turn   | Place    | Note
-------+----------+-------------------------------------------
     0 | D:1      | RoseArtemis the Minotaur Fighter began the quest for the Orb.
     0 | D:1      | Reached XP level 1. HP: 19/19 MP: 0/0
   218 | D:1      | Reached XP level 2. HP: 27/27 MP: 1/1
   409 | D:1      | Reached skill level 3 in Maces & Flails
   798 | D:1      | Reached XP level 3. HP: 33/33 MP: 2/2
   884 | D:2      | Found a shattered altar of Ashenzari.
  1245 | D:2      | Noticed Natasha
  1255 | D:2      | Killed Natasha
  1255 | D:2      | Reached skill level 4 in Maces & Flails
  1255 | D:2      | Reached XP level 4. HP: 21/40 MP: 3/3
  1441 | D:2      | Found a basalt altar of Yredelemnul.
  1638 | D:2      | Noticed Natasha
  1649 | D:2      | Killed Natasha
  1649 | D:2      | Reached XP level 5. HP: 32/47 MP: 4/4
  1674 | D:2      | Noticed Natasha
  1681 | D:2      | Killed Natasha
  1959 | D:3      | Found a deep blue altar of Sif Muna.
  2231 | D:3      | Noticed RoseArtemis's ghost (amateur MiFi)
  2251 | D:3      | Killed RoseArtemis's ghost
  2251 | D:3      | Reached skill level 5 in Maces & Flails
  2251 | D:3      | Reached XP level 6. HP: 48/55 MP: 5/5
  2620 | D:3      | Reached skill level 5 in Armour
  2687 | D:3      | Reached skill level 5 in Fighting
  2766 | D:3      | Reached skill level 5 in Shields
  3263 | D:4      | Reached skill level 6 in Maces & Flails
  3690 | D:4      | Reached XP level 7. HP: 61/61 MP: 6/6
  3994 | D:5      | Entered Level 5 of the Dungeon
  4289 | D:5      | Found a glowing drain.
  4297 | Sewer    | Entered a sewer
  4401 | D:5      | Found a glowing golden altar of the Shining One.
  4549 | D:5      | Found a glowing silver altar of Zin.
  4549 | D:5      | Found a white marble altar of Elyvilon.
  4586 | D:5      | Found a burning altar of Makhleb.
  4587 | D:5      | Found a radiant altar of Vehumet.
  4600 | D:5      | Became a worshipper of Makhleb the Destroyer
  4859 | D:5      | Found a shimmering altar of Xom.
  4980 | D:5      | Reached skill level 7 in Maces & Flails
  5164 | D:6      | Reached XP level 8. HP: 67/70 MP: 7/7
  5679 | D:6      | Reached skill level 8 in Maces & Flails
  5913 | D:6      | Found a sparkling altar of Nemelex Xobeh.
  5914 | D:6      | Found a sacrificial altar of Ru.
  6102 | D:7      | Noticed Pikel
  6276 | D:6      | Killed Pikel
  6276 | D:6      | Reached skill level 9 in Maces & Flails
  6278 | D:6      | Reached XP level 9. HP: 69/79 MP: 8/8
  6372 | D:7      | Found a stormy altar of Qazlal.
  6491 | D:7      | Found an ornate altar of the Wu Jian Council.
  6566 | D:7      | Reached * piety under Makhleb
  6600 | D:7      | Identified the Handbook of Earthen Arcane Weapons
  6945 | D:7      | Reached skill level 10 in Maces & Flails
  7151 | D:7      | Found a staircase to the Ecumenical Temple.
  7159 | D:7      | Noticed Menkaure
  7171 | D:7      | Killed Menkaure
  7186 | Temple   | Entered the Ecumenical Temple
  7842 | D:8      | Noticed Maurice
  7886 | D:8      | Killed Maurice
  7950 | D:8      | Noticed a two-headed ogre
  7952 | D:8      | Reached ** piety under Makhleb
  7960 | D:8      | Killed a two-headed ogre
  7960 | D:8      | Reached skill level 11 in Maces & Flails
  7960 | D:8      | Reached XP level 10. HP: 54/90 MP: 9/9
  8284 | D:8      | Noticed a three-headed hydra
  8296 | D:8      | Killed a three-headed hydra
  8296 | D:8      | Reached skill level 12 in Maces & Flails
  8494 | D:8      | Got a slimy spear
  8552 | D:8      | Noticed Gastronok
  8565 | D:8      | Killed Gastronok
  8565 | D:8      | Reached XP level 11. HP: 45/99 MP: 10/10
  9190 | D:9      | Found a hide-covered altar of Uskayaw.
  9406 | D:9      | Found a flagged portal.
  9424 | Bailey   | Entered a bailey
  9424 | Bailey   | Noticed an orc knight
  9434 | Bailey   | Reached skill level 10 in Fighting
  9657 | D:10     | Entered Level 10 of the Dungeon
  9678 | D:10     | Reached skill level 10 in Shields
  9682 | D:10     | Reached *** piety under Makhleb
  9686 | D:10     | Reached skill level 13 in Maces & Flails
  9918 | D:10     | Reached skill level 1 in Invocations
  9930 | D:10     | Noticed Nergalle
  9941 | D:10     | Noticed Fannar
  9944 | D:10     | Killed Nergalle
  9965 | D:10     | Killed Fannar
 10117 | D:10     | Found a staircase to the Orcish Mines.
 10276 | D:10     | Noticed Erica
 10300 | D:10     | Killed Erica
 10437 | D:10     | Reached skill level 14 in Maces & Flails
 10562 | D:10     | Reached **** piety under Makhleb
 10562 | D:10     | Reached skill level 5 in Dodging
 10881 | D:11     | Identified the +9 spear of Ywuo {flame, rPois} (You found it on level 8 of the Dungeon)
 10909 | D:11     | Noticed a death knight
 10920 | D:11     | Killed a death knight
 11436 | D:11     | Reached XP level 12. HP: 110/110 MP: 13/13
 12054 | D:11     | Found a staircase to the Lair.
 12405 | D:11     | Reached skill level 15 in Maces & Flails
 12504 | Lair:1   | Entered Level 1 of the Lair of Beasts
 12525 | Lair:1   | Noticed a five-headed hydra
 12532 | Lair:1   | Killed a five-headed hydra
 12670 | Lair:1   | Found a labyrinth entrance.
 12809 | Lair:1   | Found a dark tunnel.
 12816 | Volcano  | Entered a volcano
 12896 | Volcano  | Reached skill level 5 in Invocations
 12954 | Volcano  | Noticed a fire dragon
 12977 | Volcano  | Killed a fire dragon
 12983 | Volcano  | Found a burning altar of Makhleb.
 13280 | Volcano  | Identified a +2 pair of boots of running (You found it in a volcano)
 13666 | Lair:1   | Noticed a six-headed hydra
 13679 | Lair:1   | Killed a six-headed hydra
 14045 | Lair:2   | Noticed Prince Ribbit
 14052 | Lair:2   | Killed Prince Ribbit
 14235 | Lair:2   | Reached skill level 16 in Maces & Flails
 14245 | Lair:2   | Noticed a seven-headed hydra
 14257 | Lair:2   | Killed a seven-headed hydra
 14257 | Lair:2   | Reached XP level 13. HP: 112/118 MP: 16/16
 14900 | Lair:3   | Found a hole to the Spider Nest.
 15352 | Lair:4   | Noticed Nr616's ghost (journeyman MiBe)
 15385 | Lair:4   | Killed Nr616's ghost
 15459 | Lair:4   | Noticed Tovarisch's ghost (journeyman GnTm)
 15506 | Lair:4   | Killed from afar by Tovarisch's ghost

Vault maps used:
D:1:      minmay_arrival_shattered_statue
D:2:      evilmike_ruin_ashenzari, yredelemnul_altar_generic, uniq_natasha
D:3:      minmay_diamond_boxcup, lemuel_doored_altar
D:4:      grunt_ministairs_14
D:5:      good_gods_temple_1, grunt_temple_overflow_lords_of_destruction,
          tgw_xom, portal_sewer_entry_c, first_ration
D:6:      gammafunk_temple_overflow_pools
D:7:      lemuel_slime, kennysheep_mini, lemuel_crystal_altar, temple_fountains,
          minmay_tree_intersection, uniq_menkaure, uniq_pikel
D:8:      hangedman_ranch, uniq_maurice, uniq_gastronok
D:9:      overflow_temple_1_default, enter_bailey_3
D:10:     cheibrodos_iron_armory, special_room, minivault_7, uniq_erica,
          uniq_fannar, uniq_nergalle
D:11:     minmay_lair_entry_grove
Temple:   compressed_dpeg_triangle_lava_temple
Lair:1:   special_room, nicolae_volcano_entry_s_turn, lab_entry_generic,
          grunt_megastairs_4, minmay_lair_oklob_chamber, lemuel_fruit_fields
Lair:2:   grunt_megastairs_5, uniq_prince_ribbit2
Lair:3:   spider_nest_entry_web_field, grunt_megastairs_1
Lair:4:   minmay_swamp_entry_worms, portal_ice_cave_demonic_guard
Sewer:    sewer_big_baddie
Bailey:   bailey_polearm_4, bailey
Volcano:  volcano_grotto

Skill      XL: |  1  2  3  4  5  6  7  8  9 10 11 12 13 |
---------------+----------------------------------------+-----
Maces & Flails | 3 4 5 6 7 9 11 12 14 16 | 16.0
Fighting       | 4 5 6 7 8 9 11 12 | 12.5
Armour         | 4 5 6 7 8 9 |  9.4
Shields        | 4 5 6 7 8 9 10 | 10.3
Dodging        | 2 5 7 8 |  8.1
Invocations    | 3 6 7 |  7.0

Action                   |  1- 3 |  4- 6 |  7- 9 | 10-12 | 13-15 || total
-------------------------+-------+-------+-------+-------+-------++-------
Melee: Flail             |    92 |   175 |   300 |       |       ||   567
       Headbutt          |     8 |    36 |    87 |   229 |    13 ||   373
       Mace              |       |       |    57 |  1035 |   117 ||  1209
Throw: Stone             |    63 |    44 |       |       |       ||   107
Invok: Lesser Servant of |       |       |       |    15 |     4 ||    19
 Abil: Stop Flying       |       |     1 |       |     1 |       ||     2
       Evoke Flight      |       |     1 |       |       |       ||     1
  Use: Scroll            |     4 |     8 |     7 |     9 |     3 ||    31
       Potion            |       |       |       |     5 |     2 ||     7
 Stab: Distracted        |       |       |       |     1 |       ||     1
  Eat: Chunk             |     1 |     8 |    11 |    16 |     3 ||    39
       Ration            |       |       |     1 |     2 |       ||     3
Armor: Scale mail        |    35 |    71 |   103 |       |       ||   209
       Plate armour      |       |       |    58 |   374 |    53 ||   485
       Fire dragon scale |       |       |       |    27 |       ||    27
Dodge: Dodged            |    26 |    65 |    73 |   218 |    32 ||   414
Block: Shield            |    43 |   118 |   294 |   823 |   107 ||  1385
       Reflection        |       |       |     1 |    13 |       ||    14

Table legend:
 A = Spawn XP
 B = Non-spawn XP
 C = Spawn XP percentage of total XP
 D = Spawn monster count
 E = Non-spawn monster count
 F = Spawn count percentage of total count
 G = Total turns spent on level
                    A         B        C        D         E        F      G
               +---------+---------+-------+---------+---------+-------+---------
         Total |       0 |   44190 |   0.0 |       0 |     406 |   0.0 | 15506
               +---------+---------+-------+---------+---------+-------+---------
           D:1 |       0 |      41 |   0.0 |       0 |      23 |   0.0 |   829
           D:2 |       0 |     212 |   0.0 |       0 |      22 |   0.0 |  1079
           D:3 |       0 |     263 |   0.0 |       0 |      31 |   0.0 |  1126
           D:4 |       0 |     243 |   0.0 |       0 |      24 |   0.0 |   997
           D:5 |       0 |     379 |   0.0 |       0 |      13 |   0.0 |   908
           D:6 |       0 |    1568 |   0.0 |       0 |      19 |   0.0 |  1275
           D:7 |       0 |    1696 |   0.0 |       0 |      45 |   0.0 |  1221
           D:8 |       0 |    6746 |   0.0 |       0 |      26 |   0.0 |  1098
           D:9 |       0 |     691 |   0.0 |       0 |      17 |   0.0 |   713
          D:10 |       0 |    8873 |   0.0 |       0 |      66 |   0.0 |  1546
          D:11 |       0 |    6170 |   0.0 |       0 |      41 |   0.0 |  1301
        Lair:1 |       0 |    4610 |   0.0 |       0 |      17 |   0.0 |  1023
        Lair:2 |       0 |    3875 |   0.0 |       0 |      20 |   0.0 |   720
        Lair:3 |       0 |    2272 |   0.0 |       0 |       8 |   0.0 |   608
        Lair:4 |       0 |    2419 |   0.0 |       0 |       7 |   0.0 |   154
         Sewer |       0 |     113 |   0.0 |       0 |       6 |   0.0 |    95
        Bailey |       0 |     277 |   0.0 |       0 |       2 |   0.0 |    12
       Volcano |       0 |    3742 |   0.0 |       0 |      19 |   0.0 |   497
               +---------+---------+-------+---------+---------+-------+---------
